 Dungeon Crawl Stone Soup version 0.14-a0-2746-g43b4f9c (webtiles) character file.

117 Neoxx the Cudgeler (level 3, 0/36 HPs)
             Began as an Ogre Gladiator on Feb 22, 2014.
             Slain by Grinder (6 damage)
             ... on Level 3 of the Dungeon.
             The game lasted 00:03:18 (1469 turns).

Neoxx the Cudgeler (Ogre Gladiator)                 Turns: 1469, Time: 00:03:19

HP   0/36        AC  3     Str 20      XL: 3   Next: 58%
MP   3/3         EV 10     Int  7      God:
Gold 74          SH  0     Dex 11      Spells:  0 memorised,  2 levels left

rFire  . . .     SeeInvis .     a - +0 mace
rCold  . . .     Clarity  .     b - +0 animal skin
rNeg   . . .     Conserve .     (shield restricted)
rPois  .         rCorr    .     c - +0 hat
rElec  .         rRot     .     (no cloak)
SustAb . .       Spirit   .     (gloves unavailable)
rMut   .         Warding  .     (boots unavailable)
Saprov + . .     Stasis   .     w - amulet of rage
MR     .....                    (no ring)
                                (no ring)

@: exhausted, slowed, very slow, not resistant to hostile enchantments,
unstealthy
A: unfitting armour, fast metabolism 1, saprovore 1, tough skin 1
a: Evoke Berserk Rage


You were on level 3 of the Dungeon.
You were very hungry.

You visited 1 branch of the dungeon, and saw 3 of its levels.

You collected 74 gold pieces.

Inventory:

Hand weapons
 a - a +0,+0 mace (weapon)
Missiles
 d - 3 throwing nets
 g - 26 darts
 i - 4 tomahawks (quivered)
 k - 3 javelins
 y - 18 poisoned needles
Armour
 b - a +0 animal skin (worn)
 c - a +0 hat (worn)
Comestibles
 f - 5 meat rations
 o - 3 bread rations
 x - 2 rotting chunks of goblin flesh
 z - 3 rotting chunks of jackal flesh
 A - a chunk of rat flesh
 B - an apple
 C - 2 chunks of goblin flesh
Scrolls
 h - a scroll of immolation {unknown}
 j - 2 scrolls of remove curse {unknown}
 l - a scroll of amnesia {unknown}
 m - 2 scrolls of identify {unknown}
 q - a scroll of fog {unknown}
 t - 2 scrolls of teleportation {unknown}
 u - a scroll of noise {unknown}
 v - a scroll of magic mapping {unknown}
Jewellery
 p - an uncursed amulet of resist mutation {unknown}
 w - an amulet of rage (around neck)
Potions
 e - 2 potions of speed {unknown}
 n - a potion of magic {unknown}
 r - 3 potions of curing {unknown}
 s - 2 potions of confusion {unknown}


   Skills:
 - Level 2.6 Fighting
 + Level 5.9 Maces & Flails
 - Level 2.1 Throwing
 - Level 2.6 Dodging


You had 2 spell levels left.
You didn't know any spells.

Dungeon Overview and Level Annotations

Branches:
Dungeon (3/16)

Altars:
Okawaru

Annotations:
D:3 Grinder


Innate Abilities, Weirdness & Mutations

You are too large for most types of armour.
You have a fast metabolism.
You can tolerate rotten meat.
You have tough skin (AC +1).


Message History

You suddenly lose the ability to move!
Grinder gestures at you. Pain shoots through your body!
* * * LOW HITPOINT WARNING * * *
There is something rotten in your inventory. (slot x) Grinder gestures at you.
You barely resist.
You can move again.
You feel a strong urge to attack something.
You are no longer berserk.
You are exhausted.
You feel yourself slow down.
You are feeling very hungry.
Grinder closely misses you.
You closely miss Grinder.
Grinder is moderately wounded.
Grinder hits you.
* * * LOW HITPOINT WARNING * * *
You writhe in agony.
You die...

#### ..... ..5...## .
........###..
........)....
.......5.##.# #
ยง.......>.##.##.#
##########.5##....#
#.....@.##..##.#..#.##
#.#.#####5.......#..#...
#.....$##..#...........##
###....5...#####........#
#5.......##............
#......>....##..#.##...
##.....#........#......
#.....########.#..#...
####### #.#..##.#


You could see Grinder.

Vanquished Creatures
  2 adders (D:2)
  A giant mite (D:1)
  7 goblins
  2 hobgoblins (D:1)
  3 bats
  2 jackals (D:2)
  A kobold (D:2)
  4 rats
22 creatures vanquished.

Notes
Turn   | Place    | Note
--------------------------------------------------------------
     0 | D:1      | Neoxx, the Ogre Gladiator, began the quest for the Orb.
     0 | D:1      | Reached XP level 1. HP: 22/22 MP: 1/1
    87 | D:1      | Reached XP level 2. HP: 29/29 MP: 2/2
   267 | D:1      | Reached skill level 5 in Maces & Flails
   952 | D:2      | Reached XP level 3. HP: 36/36 MP: 3/3
  1131 | D:2      | Found an iron altar of Okawaru.
  1430 | D:3      | Noticed Grinder
  1463 | D:3      | Paralysed by Grinder for 3 turns
  1469 | D:3      | Slain by Grinder

Action                   || total
-------------------------++-------
Melee: Mace              ||    62
Throw: Tomahawk          ||     5
 Abil: Evoke Berserk Rag ||     1
